 Dungeon Crawl Stone Soup version 0.29.0 (webtiles) character file.

Game seed: 14854255078211412476

2337 Kosidy the Gouger (level 9, -1/37 HPs)
             Began as a Felid Transmuter on Sept 6, 2022.
             Was an Initiate of Gozag.
             Slain by a yak (6 damage)
             ... on level 8 of the Dungeon.
             The game lasted 00:20:12 (11257 turns).

Kosidy the Gouger (Felid Transmuter)               Turns: 11257, Time: 00:20:13

Health: -1/37      AC:  2    Str:  8    XL:     9   Next: 19%
Magic:  0/19       EV: 25    Int: 17    God:    Gozag
Gold:   493        SH:  0    Dex: 21    Spells: 12/20 levels left
                                        Lives:  0   Deaths: 2

rFire   . . .      SeeInvis +     - Unarmed
rCold   . . .      Faith    .   (shield unavailable)
rNeg    . . .      Spirit   +   (body armour unavailable)
rPois   x          Reflect  .   (helmet unavailable)
rElec   .          Harm     .   (cloak unavailable)
rCorr   .          Rampage  .   (gloves unavailable)
Will    +....                   (boots unavailable)
Stlth   ++++......              j - amulet of guardian spirit
HPRegen 0.12/turn               (no ring)
MPRegen 0.16/turn               (no ring)

@: spider-form
A: venomous fangs, tiny, (claws 1), (fangs 3), see invisible, (speed 1), (shaggy
fur 2), (stealthy paws), no weapons or thrown items, no armour, multi-lived
a: End Transformation, Renounce Religion, Potion Petition, Call Merchant, Bribe
Branch


You were on level 8 of the Dungeon.
You worshipped Gozag.
Gozag was aware of your devotion.
You were a venomous arachnid creature.
You visited 2 branches of the dungeon, and saw 9 of its levels.

You collected 603 gold pieces.
You paid 110 gold pieces to Gozag.

Inventory:

Jewellery
 d - a ring of protection from fire
 j - an amulet of guardian spirit (around neck)
 u - an amulet of magic regeneration
Wands
 k - a wand of roots (7)
 s - a wand of digging (1)
 x - a wand of flame (7)
Scrolls
 b - 3 scrolls of amnesia
 c - 3 scrolls of teleportation
 e - 2 scrolls of noise
 g - a scroll of magic mapping {unknown}
 h - a scroll of poison {unknown}
 l - 3 scrolls of immolation
 n - a scroll of enchant armour {unknown}
 o - 2 scrolls of butterflies
 q - a scroll of summoning {unknown}
Potions
 a - 2 potions of lignification
 f - 2 potions of cancellation {unknown}
 i - 3 potions of attraction {unknown}
 m - 4 potions of heal wounds {unknown}
 p - 4 potions of curing
 r - 2 potions of might {unknown}
 t - 2 potions of brilliance {unknown}
 v - a potion of haste {unknown}
 w - a potion of mutation {unknown}


   Skills:
 + Level 2.6 Fighting
 + Level 7.0 Dodging
 + Level 6.2 Stealth
 + Level 9.0 Unarmed Combat
 + Level 6.2 Spellcasting
 + Level 6.3 Transmutations
 + Level 0.3 Ice Magic
 + Level 3.0 Poison Magic
 + Level 0.3 Evocations


You had 12 spell levels left.
You knew the following spells:

 Your Spells              Type           Power      Damage    Failure   Level
a - Beastly Appendage     Tmut           52%        N/A       4%          1
b - Spider Form           Tmut/Pois      21%        N/A       16%         3
c - Ice Form              Ice/Tmut       16%        N/A       54%         4

Your spell library contained the following spells:

 Spells                   Type           Power      Damage    Failure   Level
 Wereblood                Tmut           26%        N/A       6%          2
 Poisonous Vapours        Pois/Air       20%        N/A       24%         2
 Fireball                 Conj/Fire      2%         3d4       99%         5
 Starburst                Conj/Fire      2%         6d3       100%        6
 Ignition                 Fire           2%         3d3       100%        8
 Corpse Rot               Necr/Pois/Air  Unusable   N/A       N/A         4

Dungeon Overview and Level Annotations

Branches:
Dungeon (8/15)             Temple (1/1) D:5
   Lair: D:8-11

Altars:
Ashenzari
Cheibriados
Dithmenos
Fedhas
Gozag
Hepliaklqana
Kikubaaqudgha
Makhleb
Nemelex Xobeh
Okawaru
Qazlal
Ru
Sif Muna
Uskayaw
Vehumet
Wu Jian
Xom
Yredelemnul
Zin
The Shining One

Shops:
D:6 !

Annotations:
D:5 2 transporters, Caerwyn's ghost, novice DsCA


Innate Abilities, Weirdness & Mutations

You are a venomous arachnid creature.
You have poisonous fangs.
You are tiny and dextrous.
Your spellcasting is less reliable in this form.
((You have sharp claws.))
((You have razor-sharp teeth.))
You have supernaturally acute eyesight. (SInv)
((You cover ground quickly. (Speed+)))
((You are covered in thick fur. (AC +2)))
((Your paws help you pounce on unaware monsters.))
You are incapable of wielding weapons or throwing items.
You cannot wear armour.
You gain extra lives every three experience levels.


Message History

Your Dodging skill increases to level 7!
Your Unarmed Combat skill increases to level 9!
The yak is distracted by your dazzling golden aura.
You miscast Spider Form.
You are very lightly contaminated with residual magic.
Nothing appears to happen.
The yak is distracted by your dazzling golden aura.
You turn into a venomous arachnid creature.
The yak bellows!
The yak is no longer distracted by gold.
The yak is distracted by your dazzling golden aura.
The yak bellows!
You bite the yak!
The yak is poisoned.
The yak is lightly wounded.
The yak is no longer distracted by gold.
The yak is distracted by your dazzling golden aura.
The yak bellows!
You hit the yak.
The yak looks as sick as possible!
The yak is no longer distracted by gold.
The yak is lightly wounded.
The yak completely misses you.
Your magical contamination has completely faded away.
You bite the yak!
The yak is moderately wounded.
The yak completely misses you.
You bite the yak!
The yak is heavily wounded.
The yak gores you!
* * * LOW HITPOINT WARNING * * *
You barely miss the yak.
The yak is heavily wounded.
The yak closely misses you.
You bite the yak!
The yak is poisoned.
The yak is severely wounded.
The yak attacks as you move away! The yak gores you!
* * * LOW HITPOINT WARNING * * *
There is a stone staircase leading up, spattered with blood here.
The yak gores you!
You die...
Your body crumbles into a pile of gold.

###### ###.##.# ## ##.#.##.# ###
#. ####....#..## ####.# ##
#.....#...#.## #.##.##### #.
###...##..##.####.#..##.####.
#...###..##sYYY#..#####.##..
##...###..##..##....## ##....
#....##......####.#..###.....
#............# #........Y..$
.........#......####..###....##.
...#....#....#....#..## ##...###
...#...#.....##.....######.#..##
.. #................##..........
##.....###...................


You could see 3 yaks.

Vanquished Creatures
  Grinder (D:5)
  Prince Ribbit (D:5)
  Sigmund (D:2)
  7 yaks
  A steam dragon (D:8)
  2 ice beasts
  An orc warrior (D:8)
  4 sky beasts
  A black bear (D:2)
  2 ogres
  A centaur (D:6)
  A phantom (D:4)
  Blork the orc (D:5)
  A bullfrog (D:7)
  A necrophage (D:7)
  5 scorpions
  3 wights (D:7)
  4 hounds
  4 orc priests
  A jelly (D:7)
  2 iguanas
  4 orc wizards
  5 adders
  2 shadow imps
  2 white imps
  2 ufetubi
  3 worms
  22 orcs
  4 endoplasms
  6 giant cockroaches
  8 goblins
  5 hobgoblins
  4 jackals (D:5)
  A quokka (D:3)
  4 ball pythons
  4 bats
  5 frilled lizards
  8 kobolds
  4 rats
138 creatures vanquished.

Vanquished Creatures (others)
  A butterfly (D:8)
  6 plants
7 creatures vanquished.

Grand Total: 145 creatures vanquished

Notes
Turn   | Place    | Note
-------+----------+-------------------------------------------
     0 | D:1      | Kosidy the Felid Transmuter began the quest for the Orb.
     0 | D:1      | Reached XP level 1. HP: 9/9 MP: 4/4
   168 | D:1      | Reached XP level 2. HP: 12/12 MP: 4/6
  1369 | D:1      | Found a faded altar of an unknown god.
  1534 | D:2      | Reached XP level 3. HP: 13/15 MP: 7/7
  1782 | D:2      | Reached skill level 1 in Stealth
  1785 | D:2      | Reached XP level 4. HP: 15/19 MP: 5/9
  2062 | D:2      | Reached skill level 4 in Unarmed Combat
  2232 | D:2      | Noticed Sigmund
  2240 | D:2      | Learned a level 3 spell: Spider Form
  2521 | D:2      | Killed Sigmund
  2522 | D:2      | Reached XP level 5. HP: 22/22 MP: 4/10
  2522 | D:2      | Gained mutation: You are covered in thick fur. (AC +2)
                  | [Felid growth]
  2522 | D:2      | Reached XP level 6. HP: 25/25 MP: 4/11
  3507 | D:3      | Reached skill level 1 in Poison Magic
  3993 | D:4      | Identified the +0 leather armour "Gaviazod" {rC- Will+
                  | Int+2 SInv}
  4052 | D:4      | Found a shimmering altar of Xom.
  4099 | D:4      | Reached skill level 5 in Unarmed Combat
  4361 | D:4      | Reached XP level 7. HP: 28/28 MP: 11/13
  5145 | D:5      | Entered Level 5 of the Dungeon
  5161 | D:5      | Found a staircase to the Ecumenical Temple.
  5164 | D:5      | Reached skill level 5 in Dodging
  5167 | D:5      | Noticed Grinder
  5167 | D:5      | Noticed Blork the orc
  5287 | D:5      | Noticed Prince Ribbit
  5301 | D:5      | Killed Prince Ribbit
  5302 | D:5      | Reached XP level 8. HP: 17/32 MP: 7/15
  5460 | D:5      | Reached skill level 5 in Stealth
  5696 | D:5      | Reached skill level 6 in Unarmed Combat
  6214 | D:5      | Paralysed by Grinder for 5 turns
  6218 | D:5      | Killed from afar by Grinder
  6219 | D:5      | Reached XP level 7. HP: -1/28 MP: 0/14
  6251 | D:5      | Killed Blork the orc
  6289 | Temple   | Entered the Ecumenical Temple
  6503 | D:5      | Paralysed by Grinder for 5 turns
  6520 | D:5      | Paralysed by Grinder for 3 turns
  6527 | D:5      | Killed Grinder
  6578 | D:5      | Reached skill level 5 in Transmutations
  6714 | D:5      | Found a transporter.
  6716 | D:5      | Found a transporter.
  6718 | D:5      | Noticed Caerwyn's ghost (novice DsCA)
  7069 | D:6      | Reached XP level 8. HP: 26/32 MP: 13/16
  7183 | D:6      | Found a basalt altar of Yredelemnul.
  7235 | D:6      | Reached skill level 7 in Unarmed Combat
  7310 | D:6      | Found a sacrificial altar of Ru.
  7424 | D:6      | Found Heustog's Distillery.
  7769 | D:6      | Reached skill level 5 in Spellcasting
  8458 | D:7      | Found an opulent altar of Gozag.
  8469 | D:7      | Became a worshipper of Gozag Ym Sagoz the Greedy
  8545 | D:7      | Found a radiant altar of Vehumet.
  8546 | D:7      | Found a stormy altar of Qazlal.
  8558 | D:7      | Found a glowing golden altar of the Shining One.
  9766 | D:7      | Reached XP level 9. HP: 23/36 MP: 11/18
  9893 | D:7      | Learned a level 4 spell: Ice Form
  9911 | D:7      | Reached skill level 8 in Unarmed Combat
 10166 | D:7      | HP: 1/43 [yak (7)]
 10168 | D:7      | Mangled by a yak
 10169 | D:7      | Reached XP level 8. HP: -8/39 MP: 0/17
 10584 | D:8      | HP: 1/34 [something] (4)]
 10892 | D:7      | Reached XP level 9. HP: 15/37 MP: 6/19
 11230 | D:8      | Reached skill level 9 in Unarmed Combat
 11257 | D:8      | Slain by a yak

Illustrated notes

Levels and vault maps discovered:
D:1:      minmay_arrival_four_loops, layout_basic,
          hellmonk_ecumenical_altar_defaced_shrine
D:2:      layout_basic, uniq_sigmund
D:3:      layout_rooms, kennysheep_generic_room_2
D:4:      layout_loops_ring, mainiacjoe_overflow_24_doors
D:5:      layout_cave_pools, minmay_temple_entry_gardened_gates,
          gammafunk_ghost_hive, uniq_blork_the_orc, uniq_prince_ribbit1,
          uniq_grinder
D:6:      layout_basic, old_standard_altar, kennysheep_little_box, serial_shops,
          kennysheep_mini_moat, chequers_mini_garden
D:7:      layout_gridville, mainiacjoe_overflow_alcove_4,
          grunt_gozag_breadcrumbs, mainiacjoe_overflow_divided_tiny,
          serial_glass, glass_columns_b, glass_columns_a
D:8:      layout_layer_cave, nicolae_elyvilon_peaceful_grove,
          david_lair_generic, serial_rivers, chequers_serial_rivers_room_a,
          chequers_serial_rivers_small_3, chequers_serial_rivers_large_b,
          chequers_serial_rivers_micro_c, chequers_serial_rivers_room_b,
          serial_bayou_pond_d, uniq_pikel, uniq_erica
Temple:   nicolae_temple_bog_church

Skill      XL: |  1  2  3  4  5  6  7  8  9 |
---------------+----------------------------+-----
Dodging        | 3 4 5 6 7 |  7.0
Stealth        | 1 2 4 6 |  6.2
Unarmed Combat | 4 5 7 9 |  9.0
Transmutations | 3 5 6 |  6.3
Spellcasting   | 3 4 6 |  6.2
Poison Magic   | 1 3 |  3.0
Fighting       | 2 |  2.6
Ice Magic      | |  0.3
Evocations     | |  0.3

Action                   |  1- 3 |  4- 6 |  7- 9 || total
-------------------------+-------+-------+-------++-------
Melee: Unarmed           |    74 |   105 |   342 ||   521
       Headbutt          |     7 |     8 |    36 ||    51
       Bite              |     4 |     6 |    18 ||    28
       Punch             |     1 |     4 |     8 ||    13
 Cast: Beastly Appendage |    20 |    17 |    33 ||    70
       Spider Form       |       |     4 |    21 ||    25
       Ice Form          |       |       |     2 ||     2
Evoke: Wand              |     2 |       |       ||     2
  Use: Potion            |       |     1 |       ||     1
       Scroll            |       |       |     5 ||     5
 Stab: Sleeping          |     2 |     3 |     7 ||    12
Armor: Skin              |     8 |    13 |     6 ||    27
Dodge: Dodged            |    54 |    94 |   276 ||   424
